 Dungeon Crawl Stone Soup version 0.19.0-19-g8c6edcc (webtiles) character file.

144 Haldmier the Slasher (level 5, 0/34 HPs)
             Began as a High Elf Skald on Nov 16, 2016.
             Slain by a howler monkey (5 damage)
             ... on level 5 of the Dungeon.
             The game lasted 00:12:59 (4109 turns).

Haldmier the Slasher (High Elf Skald)               Turns: 4109, Time: 00:12:59

Health: 0/34       AC:  4    Str: 12    XL:     5   Next: 5%
Magic:  10/10      EV: 11    Int: 15    God:
Gold:   161        SH:  0    Dex: 15    Spells: 4 memorised, 0 levels left

rFire  . . .     SeeInvis .     r - +1 dagger (speed)
rCold  . . .     Gourm    .     b - +0 leather armour
rNeg   . . .     Faith    .     (no shield)
rPois  .         Spirit   .     (no helmet)
rElec  .         Reflect  .     n - +0 cloak
rCorr  .         Harm     .     (no gloves)
MR     .....                    (no boots)
Stlth  +.........               (no amulet)
                                (no ring)
                                (no ring)

@: very slightly contaminated, hasted (expiring), very quick
A: no striking features
a: no special abilities


You were on level 5 of the Dungeon.
You were hungry.

You visited 1 branch of the dungeon, and saw 5 of its levels.

You collected 161 gold pieces.

Inventory:

Hand Weapons
 a - a +0 falchion
 r - a +1 dagger of speed (weapon)
Missiles
 f - 98 stones (quivered)
Armour
 b - a +0 leather armour (worn)
 n - a +0 cloak (worn)
 t - a +0 buckler
Wands
 e - a wand of slowing (18/48)
Scrolls
 g - a scroll of teleportation {unknown}
 h - a scroll of amnesia {unknown}
 i - 2 scrolls of identify
 k - 4 scrolls of magic mapping
 m - a scroll of immolation {unknown}
 o - a scroll of blinking {unknown}
 p - a scroll of fear {unknown}
Potions
 l - 3 potions of agility
 q - 3 potions of curing
 s - 2 potions of brilliance
Books
 c - a book of Battle

   Spells                             Type                      Level
   a - Infusion                       Charms                       1
   b - Shroud of Golubria             Charms/Translocation         2
   c - Song of Slaying                Charms                       2
   d - Spectral Weapon                Hexes/Charms                 3
   e - Regeneration                   Charms/Necromancy            3
Comestibles
 d - 4 bread rations
 j - a fruit


   Skills:
 - Level 2.0 Fighting
 + Level 5.2 Long Blades
 - Level 0.8 Armour
 - Level 1.1 Dodging
 + Level 2.8 Spellcasting
 + Level 1.1 Hexes
 - Level 3.6 Charms
 + Level 0.0 Necromancy
 + Level 2.1 Translocations


You couldn't memorise any spells.
You knew the following spells:

 Your Spells              Type           Power        Failure   Level  Hunger
a - Infusion              Chrm           ##..         8%          1    #......
b - Shroud of Golubria    Chrm/Tloc      ##........   14%         2    ##.....
c - Spectral Weapon       Hex/Chrm       #.......     30%         3    ###....
d - Regeneration          Chrm/Necr      #.........   38%         3    ###....


Dungeon Overview and Level Annotations

Branches:
Dungeon (5/15)
 Temple: D:4-7

Altars:
Ru
Trog

Annotations:
D:3 Purgy
D:4 Philosophy's ghost, amateur CeHu


Message History

The quokka twitches its whiskers.
An orc comes into view. It is wielding a dagger.
Found an ivory wand.
e - a wand of slowing A howler monkey comes into view.
Found 20 stones.
A howler monkey comes into view.
Found a stone staircase leading down.
The howler monkey howls!
The howler monkey hoots and howls with incredible vigour!
The howler monkey barely misses you.
Your extra speed is starting to run out.
There is a stone staircase leading down here.
The howler monkey misses you. The howler monkey hits you!
* * * LOW HITPOINT WARNING * * *
You climb downwards.
A howler monkey skeleton comes into view.
There is a stone staircase leading up here.
The howler monkey hits you.
You die...

#....#
##....#
.....# #....#
#....+ #....#
.#
##..h.##...#
#..h<@.....#
#............
#............
#.Z..........
##.#####..###
#. ### .. ...


You could see 2 howler monkeys and a howler monkey skeleton (dormant).

Vanquished Creatures
  Jessica (D:3)
  Natasha (D:3)
  An adder (D:3)
  6 worms (D:2)
  2 dart slugs (D:2)
  An orc (D:3)
  2 ball pythons (D:1)
  11 bats
  6 giant cockroaches
  9 goblins
  7 hobgoblins
  2 quokkas
  3 frilled lizards (D:2)
  4 kobolds
  5 rats
61 creatures vanquished.

Vanquished Creatures (others)
  An orc (D:4)
  A spectral weapon (D:3)
2 creatures vanquished.

Grand Total: 63 creatures vanquished

Notes
Turn   | Place    | Note
-------+----------+-------------------------------------------
     0 | D:1      | Haldmier the High Elf Skald began the quest for the Orb.
     0 | D:1      | Reached XP level 1. HP: 14/14 MP: 4/4
   189 | D:1      | Reached skill level 3 in Long Blades
   463 | D:1      | Reached XP level 2. HP: 18/19 MP: 6/6
   467 | D:1      | Learned a level 2 spell: Shroud of Golubria
   963 | D:2      | Reached skill level 4 in Long Blades
  1143 | D:2      | Reached XP level 3. HP: 20/24 MP: 4/7
  1647 | D:2      | Learned a level 3 spell: Spectral Weapon
  2256 | D:2      | Reached skill level 1 in Translocations
  2464 | D:2      | Reached XP level 4. HP: 20/29 MP: 8/8
  2677 | D:2      | Found a sacrificial altar of Ru.
  3142 | D:3      | Noticed Purgy
  3229 | D:3      | Noticed Jessica
  3236 | D:3      | Reached skill level 5 in Long Blades
  3286 | D:3      | Killed Jessica
  3526 | D:3      | Noticed Natasha
  3536 | D:3      | Killed Natasha
  3536 | D:3      | Reached skill level 1 in Hexes
  3536 | D:3      | Reached XP level 5. HP: 6/34 MP: 2/10
  3776 | D:3      | Learned a level 3 spell: Regeneration
  3990 | D:3      | Noticed a black bear
  4046 | D:4      | Noticed Philosophy's ghost (amateur CeHu)
  4066 | D:4      | Found a bloodstained altar of Trog.
  4108 | D:5      | Entered Level 5 of the Dungeon
  4109 | D:5      | Slain by a howler monkey

Skill      XL: |  1  2  3  4 |
---------------+-------------+-----
Long Blades    | 3 4 5 |  5.2
Translocations | 1 2 |  2.1
Hexes          | 1 |  1.1
Fighting       | |  2.0
Armour         | |  0.8
Dodging        | |  1.1
Spellcasting   | |  2.8
Charms         | |  3.6

Action                   |  1- 3 |  4- 6 || total
-------------------------+-------+-------++-------
Melee: Falchion          |   140 |    36 ||   176
       Dagger            |       |    22 ||    22
 Cast: Infusion          |    22 |     8 ||    30
       Shroud of Golubri |     6 |     3 ||     9
       Spectral Weapon   |       |     2 ||     2
  Use: Scroll            |       |     5 ||     5
       Potion            |       |     1 ||     1
 Stab: Sleeping          |     2 |       ||     2
  Eat: Chunk             |     4 |     7 ||    11
Armor: Leather armour    |    24 |    18 ||    42
Dodge: Dodged            |    71 |    40 ||   111
       Rpst.: Falchion   |    29 |     4 ||    33
